 Dungeon Crawl Stone Soup version 0.26-a0-962-g9b92081034 (webtiles) character file.

Game seed: 221902715272647947

11726 Gildeon the Blocker (level 12, -4/80 HPs)
             Began as a Formicid Fighter on Dec 2, 2020.
             Was an Elder of Hepliaklqana.
             Splashed by Erolcha's acid (11 damage)
             ... on level 11 of the Dungeon.
             The game lasted 00:57:14 (9592 turns).

Gildeon the Blocker (Formicid Fighter)              Turns: 9592, Time: 00:57:15

Health: -4/80      AC: 15    Str: 25    XL:     12   Next: 11%
Magic:  19/19      EV: 15    Int: 11    God:    Hepliaklqana [****..]
Gold:   665        SH: 17    Dex: 10    Spells: 18/21 levels left

rFire    + . .     SeeInvis +   c - +6 broad axe "Qafol" {protect, *Noise rElec Int+2}
rCold    . . .     Faith    .   L - +0 tower shield
rNeg     . . .     Spirit   .   E - +5 ring mail {MR+}
rPois    .         Reflect  .   (helmet unavailable)
rElec    +         Harm     .   y - +0 cloak
rCorr    .         Rampage  .   (no gloves)
MR       ++...                  (no boots)
Stlth    ..........             j - amulet of regeneration
HPRegen  0.63/turn              o - +4 ring of evasion
MPRegen  0.16/turn              G - ring of protection from fire

@: mighty, corroded, protection aura
A: permanent stasis, dig shafts and tunnels, four strong arms, reduced essence,
antennae 3
a: Dig, Shaft Self, Recall Ancestor, Ancestor Identity, Transference, Idealise,
Renounce Religion


You were on level 11 of the Dungeon.
You worshipped Hepliaklqana.
Hepliaklqana was greatly pleased with you.
You visited 2 branches of the dungeon, and saw 12 of its levels.
You also visited: Sewer.

You collected 665 gold pieces.

Inventory:

Hand Weapons
 c - the +6 broad axe "Qafol" (weapon) {protect, *Noise rElec Int+2}
   (You found it on level 11 of the Dungeon)

   It grants its wielder temporary protection when it strikes (+7 to AC).
   It affects your intelligence (+2).
   It insulates you from electricity.
   It may make noises in combat.
 M - a +2 morningstar of protection
Missiles
 n - 59 poisoned darts (quivered)
 r - 2 atropa-tipped darts
Armour
 y - a +0 cloak (worn)
 E - a +5 ring mail of magic resistance (worn)
 L - a +0 tower shield (worn)
Jewellery
 h - an uncursed ring of resist corrosion
 j - an amulet of regeneration (around neck)
 o - a +4 ring of evasion (left hand)
 s - an uncursed ring of wizardry
 G - a ring of protection from fire (right hand)
 J - an uncursed amulet of reflection
Wands
 u - a wand of polymorph (16)
 B - a wand of random effects (19)
 F - a wand of enslavement (2)
 I - a wand of paralysis (12)
 K - a wand of iceblast (4)
Scrolls
 a - a scroll of noise {unknown}
 f - 4 scrolls of remove curse
 g - 2 scrolls of magic mapping
 i - 3 scrolls of amnesia {unknown}
 l - 2 scrolls of torment {unknown}
 m - a scroll of fog {unknown}
 v - 3 scrolls of fear {unknown}
 x - a scroll of enchant weapon {unknown}
Potions
 b - a potion of lignification
 d - 2 potions of degeneration {unknown}
 e - 2 potions of heal wounds
 k - a potion of resistance {unknown}
 p - a potion of invisibility
 q - 7 potions of curing
 t - 2 potions of cancellation {unknown}
 w - 4 potions of mutation
 z - 4 potions of flight {unknown}
 A - 3 potions of might
 C - 2 potions of ambrosia {unknown}


   Skills:
 + Level 6.3 Fighting
 * Level 2.4(4.9) Axes
 - Level 5.4(7.8) Maces & Flails
 - Level 3.4(6.5) Polearms
 - Level 8.1(9.2) Staves
 + Level 6.4 Armour
 - Level 5.0 Dodging
 + Level 9.5 Shields
 - Level 5.0 Spellcasting
 + Level 4.9 Ice Magic
 - Level 5.0 Invocations
 - Level 5.0 Evocations


You had 18 spell levels left.
You knew the following spells:

 Your Spells              Type           Power        Failure   Level
a - Freeze                Ice            ##..         14%         1
b - Magic Dart            Conj           #...         71%         1
c - Foxfire               Conj/Fire      #...         71%         1

Your spell library contained the following spells:

 Spells                   Type           Power        Failure   Level
 Frozen Ramparts          Ice            ##....       38%         3
 Ozocubu's Armour         Ice            ##......     38%         3
 Shock                    Conj/Air       #...         71%         1
 Call Imp                 Summ           #.......     83%         2
 Slow                     Hex            #.......     83%         2
 Confusing Touch          Hex            #.......     97%         3
 Conjure Flame            Conj/Fire      #.......     97%         3
 Gell's Gravitas          Tloc           #.........   97%         3
 Inner Flame              Hex/Fire       #.......     97%         3
 Mephitic Cloud           Conj/Pois/Air  #.......     97%         3
 Static Discharge         Conj/Air       #.......     97%         3
 Hailstorm                Conj/Ice       #.......     98%         4
 Summon Ice Beast         Ice/Summ       #.......     98%         4
 Airstrike                Air            #.........   100%        4
 Petrify                  Tmut/Erth      #.......     100%        4
 Sticky Flame             Conj/Fire      #.......     100%        4
 Fireball                 Conj/Fire      #.........   100%        5
 Lightning Bolt           Conj/Air       #.........   100%        5
 Metabolic Englaciation   Hex/Ice        #.........   100%        5
 Yara's Violent Unravell  Hex/Tmut       #.........   100%        5
 Blink                    Tloc           Unusable     N/A         2
 Swiftness                Air            Unusable     N/A         2

Dungeon Overview and Level Annotations

Branches:
Dungeon (11/15)            Temple (1/1) D:7            Lair (0/6) D:10
  Sewer (visited)
    Orc: D:9-12

Altars:
Ashenzari
Cheibriados
Dithmenos
Elyvilon
Fedhas
Gozag
Hepliaklqana
Kikubaaqudgha
Makhleb
Nemelex Xobeh
Okawaru
Qazlal
Ru
Sif Muna
Trog
Uskayaw
Vehumet
Wu Jian
Xom
Yredelemnul
Zin
The Shining One
Jiyva

Shops:
D:11 :

Annotations:
D:8 3 runed translucent doors, hidenotslide's ghost, journeyman HOFi
D:10 2 runed translucent doors, Tux's ghost, novice DgCj
D:11 Erolcha


Innate Abilities, Weirdness & Mutations

You cannot be hasted, slowed, berserked, paralysed or teleported.
You can dig through walls and to a lower floor.
Your four strong arms can wield two-handed weapons with a shield.
You have a pair of large antennae on your head. (SInv)
Your life essence is reduced to manifest your ancestor. (-10% HP)


Message History

The helpless two-headed ogre fails to defend itself.
You slash the two-headed ogre!
You kill the two-headed ogre!
Erolcha casts a spell at you. You block the crystal spear.
The kobold throws a stone.
You block the stone. Erolcha closely misses you.
Your base Axes skill increases to level 2!
You slash Erolcha!
Your broad axe "Qafol" lets out a mournful sigh.
Erolcha is heavily wounded.
You closely miss the kobold. You block Erolcha's attack.
Erolcha hits you with a +0 giant club!
* * * LOW HITPOINT WARNING * * *
You block the kobold's attack.
You slash Erolcha!
Erolcha is severely wounded.
You barely miss the kobold.
Erolcha zaps a wand.
The bolt of acid hits you!
* * * LOW HITPOINT WARNING * * *
You are splashed with acid!
You die...

.#
##.....:.....####
<#
.........#.......#
)#
#.....####.##.##.#
.#
........###.##.#
.#
#8...........(..#
##
###......##.(##.#
#
###....##(.##.##.
#...KO).......
#...ยง#@###.### {
#.##.#K# .. { # .
..# . #K....
...... ........
........
..........


You could see Erolcha (fast, invisible) and 2 kobolds.

Vanquished Creatures
  2 two-headed ogres
  A skeletal warrior (D:11)
  A phantasmal warrior (D:11)
  A manticore (D:10)
  A freezing wraith (D:11)
  A kobold demonologist (D:11)
  4 yaks (D:9)
  A wraith (D:11)
  Menkaure (D:4)
  An acid dragon (D:11)
  An orc warrior (D:11)
  Purgy (Sewer)
  An eye of draining (D:10)
  An ice beast (D:6)
  4 sky beasts
  A black bear (D:6)
  4 phantoms
  An ogre (D:6)
  4 centaurs
  A big kobold (D:11)
  5 bullfrogs
  A wyvern skeleton (D:10)
  3 scorpions
  8 killer bees
  15 wights
  5 hounds
  4 orc wizards
  Crazy Yiuf (D:5)
  3 orc priests (D:11)
  3 jellies
  3 iguanas
  A worker ant (D:10)
  A hound zombie (D:5)
  A worker ant zombie (D:5)
  A howler monkey skeleton (D:9)
  10 adders
  A gnoll (D:4)
  A river rat (D:6)
  2 white imps (D:9)
  An ooze (D:3)
  An adder zombie (D:5)
  An adder skeleton (D:4)
  4 worms
  3 dart slugs
  4 leopard geckos
  32 orcs
  A ball python (D:6)
  6 bats
  6 giant cockroaches
  8 goblins
  3 hobgoblins
  4 jackals
  2 quokkas
  8 frilled lizards
  22 kobolds
  A leopard gecko skeleton (D:9)
  8 rats
217 creatures vanquished.

Vanquished Creatures (collateral kills)
  A two-headed ogre (D:9)
  A queen bee (shapeshifter) (D:9)
  A troll (D:11)
  Grinder (D:4)
  A wraith (D:11)
  A black bear (D:9)
  An orc warrior (D:11)
  An eye of draining (D:8)
  2 sky beasts
  A phantom (D:5)
  4 ogres
  2 centaurs
  2 big kobolds (D:8)
  A bullfrog (D:7)
  5 wights
  7 killer bees
  An electric eel (D:6)
  3 hounds
  A jelly (D:5)
  3 orc wizards
  3 iguanas
  3 worker ants
  A hound zombie (D:7)
  A worker ant zombie (D:7)
  A gnoll (D:4)
  A howler monkey skeleton (D:10)
  An adder (D:7)
  A river rat (D:6)
  A white imp (D:6)
  A leopard gecko (D:7)
  22 orcs
  3 giant cockroaches
  A goblin (D:4)
  A jackal (D:6)
  16 kobolds
  A rat (D:6)
98 creatures vanquished.

Vanquished Creatures (others)
  A centaur simulacrum (D:10)
  5 battlemagi
  An ancestor (D:3)
  16 plants (D:8)
23 creatures vanquished.

Grand Total: 338 creatures vanquished

Notes
Turn   | Place    | Note
-------+----------+-------------------------------------------
     0 | D:1      | Gildeon the Formicid Fighter began the quest for the Orb.
     0 | D:1      | Reached XP level 1. HP: 18/18 MP: 1/1
   241 | D:1      | Reached XP level 2. HP: 24/24 MP: 2/2
   784 | D:1      | Reached XP level 3. HP: 29/29 MP: 3/3
  1532 | D:2      | Reached skill level 4 in Shields
  1542 | D:2      | Reached XP level 4. HP: 32/37 MP: 4/4
  1793 | D:3      | Reached skill level 1 in Dodging
  1855 | D:3      | Reached XP level 5. HP: 42/42 MP: 5/5
  1960 | D:3      | Found an opulent altar of Gozag.
  1980 | D:3      | Found a hazy altar of Hepliaklqana.
  1986 | D:3      | Found a sacrificial altar of Ru.
  1990 | D:3      | Became a worshipper of Hepliaklqana the Forgotten
  2382 | D:3      | Found a stormy altar of Qazlal.
  2383 | D:3      | Found a white marble altar of Elyvilon.
  2584 | D:4      | Noticed Menkaure
  2591 | D:4      | Killed Menkaure
  2592 | D:4      | Reached skill level 1 in Maces & Flails
  2592 | D:4      | Reached XP level 6. HP: 43/43 MP: 6/6
  2634 | D:4      | Found a sparkling altar of Nemelex Xobeh.
  2810 | D:4      | Reached * piety under Hepliaklqana
  2871 | D:4      | Noticed an ogre
  2879 | D:4      | Killed an ogre
  2880 | D:4      | Reached skill level 5 in Shields
  2880 | D:4      | Reached XP level 7. HP: 17/49 MP: 7/7
  3083 | D:4      | Noticed Grinder
  3103 | D:4      | Killed Grinder
  3196 | D:4      | Reached skill level 5 in Fighting
  3196 | D:4      | Reached skill level 5 in Armour
  3196 | D:4      | Reached XP level 8. HP: 55/55 MP: 8/8
  3237 | D:4      | Found a shadowy altar of Dithmenos.
  3348 | D:4      | Found an iron altar of Okawaru.
  3418 | D:5      | Entered Level 5 of the Dungeon
  3503 | D:5      | Reached skill level 1 in Invocations
  3609 | D:5      | Reached skill level 1 in Evocations
  3789 | D:5      | Reached skill level 6 in Shields
  3818 | D:5      | Reached skill level 5 in Maces & Flails
  3873 | D:5      | Reached XP level 9. HP: 61/61 MP: 10/10
  4162 | D:5      | Found a runed translucent door.
  4163 | D:5      | Noticed Crazy Yiuf
  4172 | D:5      | Killed Crazy Yiuf
  4280 | D:6      | Found a stormy altar of Qazlal.
  4294 | D:6      | Reached skill level 1 in Staves
  4319 | D:6      | Found a glowing drain.
  4336 | Sewer    | Entered a sewer
  4339 | Sewer    | Noticed Purgy
  4345 | Sewer    | Killed Purgy
  4483 | D:6      | Reached ** piety under Hepliaklqana
  4484 | D:6      | Remembered your ancestor Grums as a battlemage
  4576 | D:6      | Found an ornate altar of the Wu Jian Council.
  4581 | D:6      | Reached skill level 7 in Shields
  4930 | D:7      | Found an ancient bone altar of Kikubaaqudgha.
  5114 | D:7      | Reached XP level 10. HP: 66/66 MP: 13/13
  5171 | D:7      | Found a staircase to the Ecumenical Temple.
  5180 | Temple   | Entered the Ecumenical Temple
  5514 | D:7      | Found a hazy altar of Hepliaklqana.
  5523 | D:7      | Reached skill level 5 in Invocations
  5526 | D:7      | Reached skill level 5 in Dodging
  5528 | D:7      | Learned a level 1 spell: Freeze
  5846 | D:7      | Reached skill level 1 in Spellcasting
  5850 | D:7      | Reached skill level 8 in Shields
  5850 | D:7      | Reached skill level 1 in Ice Magic
  5864 | D:7      | Noticed a two-headed ogre
  5874 | D:7      | Killed a two-headed ogre
  5875 | D:7      | Reached skill level 5 in Staves
  5875 | D:7      | Reached skill level 5 in Evocations
  6211 | D:8      | Learned a level 1 spell: Magic Dart
  6264 | D:8      | Reached *** piety under Hepliaklqana
  6373 | D:8      | Found a runed translucent gate.
  6373 | D:8      | Found a runed translucent gate.
  6373 | D:8      | Found a runed translucent gate.
  6375 | D:8      | Found a viscous altar of Jiyva.
  6375 | D:8      | Noticed hidenotslide's ghost (journeyman HOFi)
  6477 | D:8      | Learned a level 1 spell: Foxfire
  7490 | D:9      | Reached XP level 11. HP: 69/71 MP: 15/15
  7684 | D:9      | Reached skill level 9 in Shields
  7714 | D:9      | Reached **** piety under Hepliaklqana
  7729 | D:9      | Noticed a two-headed ogre
  7737 | D:9      | Killed a two-headed ogre
  8232 | D:9      | Found a glowing silver altar of Zin.
  8264 | D:10     | Entered Level 10 of the Dungeon
  8275 | D:10     | Found a staircase to the Lair.
  8442 | D:10     | Noticed Tux's ghost (novice DgCj)
  8442 | D:10     | Noticed a skeletal warrior
  8442 | D:10     | Noticed a lich
  8442 | D:10     | Noticed a necromancer
  8560 | D:10     | Noticed a manticore
  8576 | D:10     | Killed a manticore
  8589 | D:10     | Found a runed translucent door.
  8685 | D:10     | Found a runed translucent door.
  8687 | D:10     | Found a basalt altar of Yredelemnul.
  8692 | D:10     | Noticed a yaktaur captain
  8989 | D:10     | Noticed a sea snake
  8990 | D:10     | a sea snake changed into a redback
  9076 | D:11     | Found Bafod's Book Shop.
  9076 | D:11     | Noticed a phantasmal warrior
  9090 | D:11     | Killed a phantasmal warrior
  9106 | D:11     | Noticed a death knight
  9106 | D:11     | Noticed a skeletal warrior
  9283 | D:11     | Killed a skeletal warrior
  9354 | D:11     | Got an iridescent broad axe
  9355 | D:11     | Identified the +6 broad axe "Qafol" {protect, *Noise rElec
                  | Int+2} (You found it on level 11 of the Dungeon)
  9480 | D:11     | Reached skill level 1 in Axes
  9481 | D:11     | Reached skill level 5 in Spellcasting
  9564 | D:11     | Noticed a two-headed ogre
  9569 | D:11     | Noticed Erolcha
  9575 | D:11     | Reached XP level 12. HP: 73/79 MP: 19/19
  9590 | D:11     | Killed a two-headed ogre
  9592 | D:11     | Splashed by Erolcha's acid

Illustrated notes

Levels and vault maps discovered:
D:1:      dpeg_arrival_three_smaller_balls, layout_loops_corners
D:2:      layout_loops_ring
D:3:      layout_loops_ring, nicolae_overflow_hidden_temple, minitemple
D:4:      layout_loops_ring, grunt_dithmenos_shadows, okawaru_altar_gauntlet_db,
          nemelex_diamond_rough_becter, uniq_menkaure, uniq_grinder
D:5:      layout_basic, uniq_crazy_yiuf_cottage
D:6:      layout_gridville, kennysheep_mini_moat, portal_sewer_entry_b,
          nrook_pool_corridor, nicolae_qazlal_general_emergency
D:7:      layout_basic, kennysheep_mini, minmay_temple_entry_antechambers,
          basic_altar
D:8:      kennysheep_kobold_camp, layout_basic, gammafunk_ghost_ooze
D:9:      layout_layer_cave, zin_treasury, wad_dig_loot
D:10:     layout_basic, lair_entry_dummy, muffindrake_ghost_dual_entry,
          yredelemnul_altar_generic
D:11:     layout_loops_cross, hiddenorc1_lemuel, serial_shops,
          nicolae_shop_waterfront, minmay_misc_feat_square, uniq_psyche,
          uniq_erolcha
Temple:   minmay_temple_forest_path

Skill      XL: |  1  2  3  4  5  6  7  8  9 10 11 12 |
---------------+-------------------------------------+-----
Shields        | 4 5 6 7 8 9 |  9.5
Polearms       | 3 |  3.4
Dodging        | 1 2 3 4 5 |  5.0
Armour         | 4 5 6 |  6.4
Fighting       | 4 5 6 |  6.3
Maces & Flails | 1 2 3 5 |  5.4
Invocations    | 2 4 5 |  5.0
Evocations     | 2 4 5 |  5.0
Staves         | 3 6 8 |  8.1
Spellcasting   | 3 5 |  5.0
Ice Magic      | 2 4 |  4.9
Axes           | 1 2 |  2.4

Action                   |  1- 3 |  4- 6 |  7- 9 | 10-12 || total
-------------------------+-------+-------+-------+-------++-------
Melee: Trident           |   109 |    70 |       |       ||   179
       Mace              |       |    46 |   140 |       ||   186
       Quarterstaff      |       |       |    92 |   311 ||   403
       Broad axe         |       |       |       |    50 ||    50
       Flail             |       |       |       |    25 ||    25
Throw: Dart              |     6 |    32 |    41 |    60 ||   139
Invok: Ancestor Identity |       |     1 |       |       ||     1
       Ancestor Life: Ba |       |       |     1 |       ||     1
       Recall Ancestor   |       |       |       |     1 ||     1
 Abil: Dig               |     1 |     1 |       |       ||     2
Evoke: Wand              |       |       |       |     1 ||     1
  Use: Potion            |       |     1 |       |     3 ||     4
       Scroll            |       |     5 |    10 |     5 ||    20
 Stab: Invisible         |       |     1 |       |       ||     1
       Distracted        |       |       |     3 |     2 ||     5
       Paralysed         |       |       |       |     6 ||     6
Armor: Scale mail        |    29 |       |       |       ||    29
       Ring mail         |    12 |    35 |    51 |    75 ||   173
Dodge: Dodged            |    35 |    48 |   153 |   293 ||   529
Block: Kite shield       |    67 |    68 |   137 |   218 ||   490
       Tower shield      |       |       |       |   121 ||   121

Table legend: (Time is in decaauts)
 A = Elapsed time spent in this place.
 B = Non-inter-level travel time spent in this place.
 C = Inter-level travel time spent in this place.
 D = Time resting spent in this place.
 E = Time spent auto-exploring this place.
 F = Levels seen in this place.
 G = Mean time per level.
                   A        B        C        D        E       F      G
               +--------+--------+--------+--------+--------+-----+--------+
         Total |   9707 |   9478 |    229 |    300 |   6276 |  13 |  746.7 |
       Dungeon |   9251 |   9072 |    179 |    300 |   6002 |  11 |  841.0 |
        Temple |    324 |    274 |     50 |      0 |    274 |   1 |  324.0 |
         Sewer |    130 |    130 |      0 |      0 |      0 |   1 |  130.0 |
               +--------+--------+--------+--------+--------+-----+--------+

Top non-repeatable levels by time:
     D:1: 1076 daAuts
     D:9: 1051 daAuts
     D:8: 1048 daAuts
     D:7: 931 daAuts
     D:5: 860 daAuts
     D:4: 859 daAuts
     D:3: 832 daAuts
    D:10: 767 daAuts
     D:2: 724 daAuts
    D:11: 575 daAuts
     D:6: 524 daAuts
  Temple: 324 daAuts
   Sewer: 130 daAuts
